[Event "Sardinia World Festival-A 2024"]
[Site "Orosei"]
[Date "2024.04.30"]
[Round "4.10"]
[White "Moroni, Luca Jr"]
[Black "Aghayev, Miragha"]
[Result "1-0"]
[ECO "A13"]
[WhiteElo "2580"]
[BlackElo "2424"]
[Annotator "TA"]
[PlyCount "67"]
[EventDate "2024.04.26"]
[EventType "swiss"]
[EventCountry "ITA"]
[SourceTitle "playchess.com"]
[Source "ChessBase"]
[SourceQuality "1"]
[TimeControl "40/5400+30:1800+30"]

1. c4 e6 2. Nf3 Nf6 3. b3 d5 4. Bb2 Bd6 5. e3 b6 6. Nc3 a6 7. Qc2 Bb7 8. Be2 {[%emt 0:09:46] The position is equal.} Nbd7 9. a4 c5 10. O-O O-O 11. cxd5 Nxd5 12. Nxd5 Bxd5 13. Rfd1 Qe7 14. d4 cxd4 15. Rxd4 Rfc8 16. Qd1 Nf6 17. Qd3 {[%emt 0:05:53] [#] e4 is the strong threat.} Rd8 18. Qc2 {[%emt 0:12:44] aiming for e4.} Rdc8 19. Qd1 Rd8 20. Qf1 Ne4 21. Bc4 Bb7 22. Qb1 Ng5 23. Ne1 h6 24. Rg4 e5 (24... h5 $5 25. Rd4 Rac8 $11) 25. h4 $1 Nh7 (25... Ne6 $11) 26. Qg6 $16 Qf6 {[%emt 0:00:05][%cal Ob6b5] Hoping for ...b5!} 27. Qb1 {[%emt 0:01:03] White is much more active.} Qe7 28. Qg6 $36 {[%emt 0:00:03][%csl Gg4][%cal Rg6g7][%mdl 2048] White is more active.} Qf6 {[%emt 0:00:04][%cal Ob6b5] [#] White must now prevent ...b5!} 29. Qh5 $1 Rf8 $2 {[%emt 0:02:40][%mdl 8192] A mistake that costs the game.} (29... b5 $16 30. axb5 (30. Rf4 bxc4 31. Rxf6 Nxf6 $14) 30... axb5) 30. Rg6 $18 {[%emt 0:00:19] White is clearly winning.} b5 31. axb5 axb5 32. Rxa8 (32. Qxh6 bxc4 33. Rxf6 Rxa1 34. Bxa1 (34. Rxd6 $2 Rxe1+ 35. Kh2 gxh6 $19) 34... Nxf6 $16) 32... Bxa8 33. Rxf6 ({Not} 33. Qxh6 bxc4 34. Rxf6 c3 35. Bxc3 (35. Rxd6 $2 cxb2 36. Rd1 gxh6 $19) 35... Nxf6 $18) 33... Nxf6 34. Qd1 {[%emt 0:00:08] Weighted Error Value: White=0.09 (flawless) /Black=0.12 (very precise) .  Loses game:     	---       	Black=1      Mistake:       	---       	Black=1      Inaccurate:     	---       	Black=1      OK:         	White=7     	Black=12     Best:        	White=1     	Black=1      Strong:       	White=2     	---} 1-0

[Event "Sardinia World Festival-A 2024"]
[Site "Orosei"]
[Date "2024.04.30"]
[Round "4.11"]
[White "Yankelevich, Lev"]
[Black "Gurel, Ediz"]
[Result "0-1"]
[ECO "E04"]
[WhiteElo "2413"]
[BlackElo "2578"]
[Annotator "TA"]
[PlyCount "97"]
[EventDate "2024.04.26"]
[EventType "swiss"]
[EventCountry "ITA"]
[SourceTitle "playchess.com"]
[Source "ChessBase"]
[SourceQuality "1"]
[TimeControl "40/5400+30:1800+30"]

1. Nf3 d5 2. d4 Nf6 3. c4 e6 4. g3 dxc4 5. Bg2 Nc6 6. Qa4 Bb4+ 7. Bd2 Nd5 8. Qc2 b5 9. a4 Bxd2+ 10. Nbxd2 {[%emt 0:00:08][%cal Bb1d2,Bd2b3,Bb3c5][%mdl 32] The position is equal.} Ncb4 11. Qc1 c6 12. b3 cxb3 13. Nxb3 bxa4 14. Rxa4 O-O 15. Nc5 {[%emt 0:18:39] aiming for e4.} a5 16. O-O Ba6 17. Nxa6 Rxa6 18. Ne5 Qe7 19. e4 Nf6 20. Qc5 Qxc5 21. dxc5 Rfa8 22. Rd1 Kf8 23. f3 Ke8 24. Rd6 R6a7 25. Nxc6 Nxc6 26. Rxc6 Nd7 {[%emt 0:00:08] Dodges Rb6} 27. f4 Kd8 {[%emt 0:08:32] Black converts the advantage convincingly.} 28. e5 {[%emt 0:05:55] Rd6 would now be deadly.} Rc8 $1 29. Rd4 {[%emt 0:02:37] [#]} Rxc6 $1 30. Bxc6 {[%emt 0:00:05] [#]} Ke7 31. Bxd7 (31. Kf2 $17 {was called for.}) 31... Rxd7 $17 {[%emt 0:00:04][%mdl 4096] Endgame. KR-KR} 32. Rc4 (32. Ra4 {was worth a try.} Ra7 33. Kf2) 32... Ra7 $19 33. Kf2 (33. Ra4 $142) 33... a4 {[%emt 0:01:00] And now ...a3 would win.} 34. c6 (34. Rc2 {might work better.}) 34... Kd8 {[%emt 0:00:05] Black is clearly winning.} 35. Ke3 a3 36. Rc1 a2 37. Ra1 Kc7 38. Kd3 Kxc6 39. Kc4 h5 40. h3 Ra3 41. Kb4 (41. g4 $142 hxg4 (41... Rxh3 $2 42. Rxa2 hxg4 43. Rg2 $19) 42. hxg4) 41... Rxg3 42. Rxa2 Rf3 43. Ra6+ Kd5 44. Ra5+ Kd4 45. Kb5 Rxf4 {[%emt 0:00:05][%cal Og7g5] Hoping for ...g5!} 46. Kc6 g5 {[%emt 0:00:51] Strongly threatening ...g4.} 47. Kd6 g4 {[%emt 0:00:46] ...Ke3 is the strong threat.} 48. hxg4 hxg4 {[%emt 0:00:03] ( -> ...Ke3)} 49. Ra3 {[%emt 0:03:07] Weighted Error Value: White=0.60/Black=0.14 (very precise) .  Mistake:       	White=5     	---        Inaccurate:     	White=3     	Black=1      OK:         	White=11    	Black=16     Best:        	---       	Black=4      Strong:       	---       	Black=2} 0-1

[Event "Sardinia World Festival-A 2024"]
[Site "Orosei"]
[Date "2024.04.30"]
[Round "4.12"]
[White "Lodici, Lorenzo"]
[Black "Haldorsen, Benjamin"]
[Result "1-0"]
[ECO "B62"]
[WhiteElo "2565"]
[BlackElo "2419"]
[Annotator "TA"]
[PlyCount "119"]
[EventDate "2024.04.26"]
[EventType "swiss"]
[EventCountry "ITA"]
[SourceTitle "playchess.com"]
[Source "ChessBase"]
[SourceQuality "1"]
[TimeControl "40/5400+30:1800+30"]

1. e4 c5 2. Nf3 d6 3. d4 cxd4 4. Nxd4 Nf6 5. Nc3 Nc6 6. Bg5 e6 7. Bb5 Bd7 8. Qd3 Be7 9. O-O-O O-O 10. Bxc6 {[%emt 0:12:38] White is slightly better.} (10. f4 $5) 10... bxc6 11. f4 d5 12. e5 Ne8 13. h4 (13. Bxe7 $5 Qxe7 14. Rhe1 $17) 13... Nc7 ({Black should try} 13... Rc8 $11) 14. Nb3 $1 $14 {[%emt 0:17:13] White has more active pieces.} Kh8 {[%emt 0:08:32] [#]} 15. Ne4 f6 $11 16. exf6 (16. Nec5 $5) 16... gxf6 17. Bh6 Rg8 {[%emt 0:01:52][%cal Og8g6] Repels Ng5} 18. Ng5 fxg5 $15 19. hxg5 Rg6 $1 {[%emt 0:03:54][%cal Oe6e5] And now ...e5! would win.} 20. Kb1 (20. Bf8 $15 Bxf8 21. Qxg6) 20... Kg8 21. g4 Bf8 (21... e5 $15 22. f5 Rxh6 23. gxh6 e4) 22. f5 $1 $11 Rxh6 23. gxh6 Qf6 (23... e5 $11) 24. Nd4 (24. Qg3 $16 Ne8 25. Rdf1 exf5 26. gxf5+ Kh8 27. Rhg1) 24... exf5 $1 (24... Bxh6 $2 25. g5 (25. Qh3 exf5 26. g5 Qd6 $18) 25... Bxg5 (25... Qxg5 $2 26. Rdg1 $18) 26. fxe6 $18) 25. gxf5 Kh8 26. Rdg1 Bc5 27. Rg7 {[%emt 0:01:18] The board is on fire.} Bxd4 28. Rxd7 Rb8 29. Rxc7 (29. Rf7 $1 $11 {keeps the balance.} Qe5 (29... Qxf7 $2 30. Qxd4+ Kg8 31. Rg1+ Kf8 32. Qh8+ Ke7 33. Qxb8 $18) (29... Rxb2+ $2 30. Kc1 $18) 30. c3 Bxc3 31. b3) 29... Rxb2+ $17 30. Kc1 Rb8 {[%emt 0:00:29][%mdl 1024] Inhibits Rc8+. ...Qg5+ is the strong threat. Black has compensation.} 31. Re1 $2 (31. c3 $15 Qg5+ 32. Kd1) 31... Bc3 $2 (31... Be5 $1 $19 32. Rxh7+ (32. Rxa7 $2 Qg5+ 33. Re3 d4 $19) 32... Kxh7) 32. Re6 $11 Qg5+ 33. Qe3 Bb2+ 34. Kd1 {[%emt 0:01:37] White wants to mate with Re8+.} Qg4+ $1 35. Ke1 Qh4+ $2 (35... Rg8 $14 36. Rcxc6 (36. Rxa7 $2 Qh4+ 37. Kd1 Qh1+ 38. Qe1 Qf3+ 39. Re2 Qf4 $19) 36... Bd4) 36. Kf1 $2 (36. Kd2 $18 {Threatening mate with Re8+.} Rg8 37. Rg7 (37. Rcxc6 Qh1 $18) (37. Rxa7 $2 Rg2+ 38. Kd1 Qg4+ 39. Ke1 Rg1+ $19) (37. Qxa7 $2 Qf4+ 38. Qe3 Rg2+ 39. Ke1 Qh4+ 40. Kd1 Qg4+ 41. Ke1 Rg1+ $19) (37. Rexc6 $2 Qh2+ 38. Ke1 Qh1+ 39. Ke2 Rg2+ $19) 37... Qd4+ 38. Qxd4 Bxd4 39. Rd7) 36... Qh1+ $2 (36... Qc4+ $11 37. Qe2 (37. Ke1 $2 Bc3+ 38. Kf2 Bd4 $19) 37... Qf4+ 38. Qf2 Qxc7) 37. Ke2 $18 (37. Qg1 Qh3+ 38. Ke2 Qxf5 39. Rcxc6 (39. Rexc6 $2 Re8+ $19) 39... Bc3 40. Rxc3 (40. Qxa7 $2 Qxc2+ 41. Kf3 Qf5+ 42. Kg3 Rg8+ $19) 40... Qxe6+ 41. Re3 (41. Qe3 Qg4+ 42. Kf2 Qh4+ 43. Qg3 Qd4+ 44. Ke2 Rg8 $18) 41... Qxh6 $11) 37... Qg2+ 38. Ke1 $2 ({White must play} 38. Qf2 $18 Qg4+ 39. Qf3 Qc4+ 40. Kf2 Qxc2+ 41. Kg3) 38... Qh1+ 39. Kf2 {[%emt 0:00:25] Intending Re8+ and mate.} Qh2+ $1 40. Kf1 $2 (40. Ke1 $11 Qh1+ 41. Ke2 Qg2+ (41... Qh2+ 42. Kd3 Qh5 43. Rxh7+ Kxh7 44. Qxa7+ Kh8 45. Qxb8+ Kh7 46. Qb7+ Kg8 47. Rg6+ Kf8 48. Qc8+ Kf7 49. Qe6+ Kf8 50. Rg8#) 42. Qf2 Qg4+ 43. Qf3 Qc4+ 44. Kf2 Qxc2+ 45. Kg3) 40... Qh1+ $1 41. Ke2 Qg2+ $1 (41... Qh2+ 42. Kd3 Qh5 43. Rxh7+ (43. Rxa7 Qd1+ 44. Qd2 Qf3+ 45. Qe3 Qd1+ 46. Qd2 Qg4 $11) 43... Kxh7 44. Qxa7+ (44. Rxc6 Qd1+ 45. Qd2 Qf1+ 46. Ke3 d4+ 47. Ke4 Qh1+ 48. Kf4 Qxc6 49. Qe1 Bc1+ 50. Qxc1 Qxh6+ 51. Ke5 Qxc1 52. f6 Qe3+ 53. Kd6 d3 54. Kd7 d2 55. Kc7 d1=Q 56. Kxb8 Qd8+ 57. Kb7 Qeb6#) 44... Kh8 45. Qxb8+ Kh7 46. Qb7+ (46. Qxb2 Qxf5+ 47. Kd2 Qf4+ 48. Ke1 Qg3+ 49. Kd1 Qg4+ 50. Kc1 Qg1+ 51. Kd2 Qg5+ 52. Re3 Qg2+ 53. Re2 Qg5+ 54. Kd1 Kg8 $18) 46... Kg8 47. Rg6+ (47. Qxb2 Qf3+ 48. Re3 Qd1+ 49. Kc3 d4+ 50. Kb3 Kh7 $18) (47. h7+ Kh8 48. Qxb2+ Kxh7 49. Re7+ Qf7 50. Rxf7+ Kh6 51. Qf6+ Kh5 52. Qg6+ Kh4 53. Rh7#) 47... Kf8 48. Qc8+ (48. Qxb2 Qxf5+ 49. Kd4 Qf2+ 50. Ke5 Qe3+ 51. Kd6 Qe7+ 52. Kxc6 Qe8+ 53. Kxd5 Qxg6 $18) 48... Kf7 49. Qe6+ Kf8 50. Rg8#) 42. Qf2 Qg4+ 43. Qf3 Qc4+ 44. Qd3 $2 ({White has to play} 44. Kf2 $1 $18) 44... Qg4+ $1 $11 45. Qf3 $2 (45. Kd2 $11 Qg2+ (45... Qf4+ $2 46. Qe3 $18) 46. Qe2 Qg5+ 47. Kd3 (47. Qe3 Qg2+ 48. Qe2 Qg5+ 49. Qe3 Qg2+ 50. Kd1 Qf1+ 51. Qe1 Qf3+ 52. Qe2 Qh1+ 53. Qe1 Qf3+ 54. Qe2 Qh1+ 55. Qe1 Qf3+ $11) 47... Qxf5+ (47... Qg3+ $2 48. Qe3 $18) 48. Kd2) 45... Qc4+ $18 {[%emt 0:00:27] [#] White stays focused until the end.} 46. Kf2 $1 Qxc2+ 47. Kg3 Rg8+ 48. Kh3 {[%emt 0:00:15][%cal Oe6e7] White threatens Ree7! and mate.} Qd2 49. Rcxc6 {[%emt 0:01:46] Re2 would kill now.} (49. Rxa7 $2 Be5 $19) 49... Qg5 {[%emt 0:06:08] [#]} 50. Rc3 $2 a5 $2 {[%emt 0:04:56] [#]} (50... Rf8 {was necessary.} 51. Rcc6 Ba1) 51. a3 $1 Ba1 (51... d4 52. Rc2) 52. a4 Bb2 $2 (52... Rf8 53. Rce3 Bf6) 53. Rce3 (53. Rcc6 $142 {[%cal Oe6e2] Black must now prevent Re2!} Rf8 54. Qg4 (54. Qxd5 $2 Qh5+ 55. Kg2 Rg8+ 56. Kf1 Qh2 $19)) 53... Bd4 54. Re2 {[%emt 0:01:17][%cal Oe2g2] Hoping for Rg2!} Qc1 55. Rd6 {[%emt 0:01:11][%cal Od6e6] Strongly threatening Rde6!} (55. Qxd5 Qf1+) 55... Ba1 (55... Ba7 $142 56. Re7 (56. Rxd5 $2 Qxh6+) (56. Qxd5 Qf1+ 57. Rg2 Qh1+ 58. Rh2 Qf1+ 59. Rg2 Qh1+ 60. Rh2 Qf1+ 61. Rg2 $11) 56... Bb8) 56. Re7 (56. Rxd5 $2 {leads to mate.} Qxh6+) (56. Qxd5 $2 {is the wrong capture.} Bf6 $19) 56... Bb2 57. Rde6 (57. Qxd5 $2 {gets mated.} Qf1+ 58. Kh4 Qf2+ 59. Kh5 Qh2#) 57... Qg5 58. Re8 $1 (58. Qxd5 $2 Qh5#) 58... Bf6 59. Rxg8+ (59. Qxd5 $2 Qxh6#) 59... Kxg8 60. Qg4 {[%emt 0:00:04] Weighted Error Value: White=0.90/Black=0.45.  Loses game:     	White=1     	Black=2      Missed win:     	White=1     	Black=1      Mistake:       	White=7     	Black=5      Inaccurate:     	White=4     	Black=4      OK:         	White=9     	Black=8      Best:        	White=6     	Black=9      Strong:       	White=3     	Black=7} 1-0

[Event "Sardinia World Festival-A 2024"]
[Site "Orosei"]
[Date "2024.04.30"]
[Round "4.13"]
[White "Krishnan, Ritvik"]
[Black "Erdogmus, Yagiz Kaan"]
[Result "0-1"]
[ECO "B90"]
[WhiteElo "2277"]
[BlackElo "2540"]
[Annotator "TA"]
[PlyCount "74"]
[EventDate "2024.04.26"]
[EventType "swiss"]
[EventCountry "ITA"]
[SourceTitle "playchess.com"]
[Source "ChessBase"]
[SourceQuality "1"]
[TimeControl "40/5400+30:1800+30"]

1. e4 c5 2. Nf3 d6 3. d4 cxd4 4. Nxd4 Nf6 5. Nc3 a6 6. Be3 e5 7. Nb3 Be7 8. h3 Be6 9. Qf3 O-O 10. g4 {[%emt 0:00:03] The position is equal.} a5 11. a4 Na6 12. Bb5 (12. O-O-O $11 {keeps the balance.}) 12... Rc8 (12... Nb4 $17 13. O-O-O d5 14. exd5 (14. g5 Nxe4 15. Nxe4 dxe4 $17) 14... Nfxd5) 13. O-O-O $11 Rxc3 14. bxc3 d5 15. exd5 Bxd5 16. Rxd5 Nxd5 17. Bd2 Nc5 18. Nxc5 Bxc5 19. c4 e4 20. Qb3 {[%emt 0:00:00] [#]} (20. Qxe4 Ba3+ 21. Kb1 Qf6 $19) (20. Qf5 $1 $11 Ba3+ 21. Kb1) 20... Qf6 $1 $17 {[%emt 0:05:41] White is on the road to losing.} 21. Kb1 {[%emt 0:00:00] Repels Qa1+} (21. cxd5 $2 Qa1+ (21... Qxf2 $2 22. Rf1 $18) 22. Qb1 Ba3+ 23. Kd1 Qxb1+ $19) 21... Qxf2 {[%emt 0:04:30] Black has more active pieces.} 22. Bxa5 (22. cxd5 $17 Qxd2 23. Qc4) 22... Nf4 {[%emt 0:02:48] And now ...e3 would win.} 23. Bb4 Bxb4 24. Qxb4 Qf3 25. Rc1 e3 (25... Qxh3 26. c5 Ne6 (26... Qxg4 27. Qxe4 Qg5 28. Rh1 $17) 27. Qxe4 Nxc5 28. Qb4 $17) 26. c5 e2 {[%emt 0:05:25][%cal Of3e3] Dodges Rf1. White must now prevent ...Qe3!} (26... Nxh3 27. Re1) 27. Re1 Qe3 {[%emt 0:03:13] Prevents Qd2.} (27... Nxh3 28. Bxe2 (28. Rxe2 Nf4 $11) 28... Qf6 29. Bc4 $16 (29. Qxb7 Qc3 $11)) 28. Bc4 $2 (28. Kb2 {was worth a try.}) 28... Rd8 $19 {[%emt 0:04:16] Hoping for ...Rd1+.} 29. Ka2 Rd1 {[%emt 0:02:54] ...Qc1 is the strong threat.} (29... Nxh3 $2 30. Rxe2 (30. Bxe2 $2 Re8 $17) 30... Qf3 31. Re7 $18) 30. Qxb7 $2 (30. c6 Rxe1 (30... bxc6 31. Qb8+) (30... Qe5 $2 31. Qb2 $19) 31. Qxe1 (31. cxb7 $2 Ra1+ 32. Kxa1 e1=Q+ $19) 31... bxc6 (31... Qxh3 32. cxb7 h5 33. b8=Q+ Kh7 34. Qxf4 Qf1 35. Qexf1 exf1=B 36. Qxf1) 32. Kb1) 30... Qe8 $1 (30... Rxe1 31. Qxf7+ Kh8 32. Qg8#) 31. Bb5 Qe6+ 32. Ka3 Qe3+ (32... Rxe1 33. Qb8+) 33. Ka2 Qe6+ (33... Rxe1 34. Qc8+) (33... g6 $142 34. Bxe2 Rxe1) 34. Ka3 {[%emt 0:00:00] Intending Qa8+ and mate.} g5 (34... Rxe1 35. Qb8+) (34... Qe3+ 35. Ka2 g5 (35... Rxe1 36. Qc8+) (35... Qe6+ $2 36. Ka3 $19) 36. Bxe2 Qe6+ (36... Rxe1 $2 37. Bc4 $19) 37. Qb3 Rxe1 (37... Qxb3+ 38. cxb3 Rxe1 39. Bc4 $17) 38. Qxe6 Nxe6 39. Bb5 $19) 35. Qh1 $2 {[%emt 0:01:50] [#]} (35. Qa8+ $19 Kg7 36. Qf3 Rxe1 37. Qc3+ Kg8 38. Qxe1 Qe3+ (38... Nxh3 $2 {too greedy.} 39. Qxe2 Qf6 40. Bc4 $18) 39. Kb2 Qxc5 (39... Nxh3 $2 40. Qxe2 Qd4+ 41. Ka2 $18) 40. Bxe2) 35... Qe3+ {[%emt 0:00:12] Black mates.} 36. Kb2 Qc1+ (36... Qxh3 37. Qxh3 (37. Rxd1 exd1=R 38. Qxd1 Qh2 $18) 37... Nxh3 38. Rxe2 $18) 37. Kb3 Qb1+ {[%emt 0:00:41] Weighted Error Value: White=0.55/Black=0.63.  Loses game:     	White=1     	---        Mistake:       	White=5     	Black=1      Inaccurate:     	White=1     	Black=1      OK:         	White=9     	Black=12     Best:        	White=2     	---        Strong:       	---       	Black=1} 0-1

[Event "Sardinia World Festival-A 2024"]
[Site "Orosei"]
[Date "2024.04.30"]
[Round "4.14"]
[White "Chyzy, Jakub"]
[Black "Shevchenko, Kirill"]
[Result "0-1"]
[ECO "B51"]
[WhiteElo "2314"]
[BlackElo "2675"]
[Annotator "TA"]
[PlyCount "74"]
[EventDate "2024.04.26"]
[EventType "swiss"]
[EventCountry "ITA"]
[SourceTitle "playchess.com"]
[Source "ChessBase"]
[SourceQuality "1"]
[TimeControl "40/5400+30:1800+30"]

1. e4 c5 2. Nf3 d6 3. Bb5+ Nc6 4. O-O Bd7 5. c4 e5 6. Nc3 Nge7 7. a3 Ng6 8. b4 {[%emt 0:07:16] The position is equal.} Be7 9. Bxc6 Bxc6 10. d3 O-O 11. Be3 f5 12. exf5 Rxf5 {[%emt 0:00:10] Hoping for ...Bxf3.} 13. Nd2 b6 14. Nde4 Nf4 15. b5 Bb7 16. a4 d5 17. cxd5 Nxd5 18. a5 Rb8 19. axb6 (19. Nxd5 {simplifies} Qxd5 20. Qe2 Rd8 21. Rfd1) 19... axb6 20. Qg4 Bc8 (20... Nxe3 21. fxe3 Rxf1+ 22. Rxf1 $14) 21. Nxd5 Qxd5 22. Bh6 (22. Qe2 $11) 22... Rf7 $1 $15 23. Qg3 Bf5 24. Rfe1 Kh8 ({Black should play} 24... Rd8 $17 25. Bg5 Bxg5 (25... Qxd3 26. Qxe5 Qd4 27. Nd6 $15) 26. Nxg5 Re7) 25. Ng5 $11 Bxg5 26. Bxg5 Qxd3 27. Qxe5 Rbf8 28. Be7 Rc8 ({But not} 28... Re8 $2 29. Bxc5 Rc8 30. Qe8+ $18 (30. Bxb6 Bd7 $16) (30. Bxb6 Bd7 $16)) 29. Ra7 ({Better is} 29. Rad1 $11 Qxb5 30. Bd8) 29... h6 30. h3 Qxb5 31. Re3 Qc6 32. Rf3 Qg6 33. g4 $2 {[%emt 0:00:30][%mdl 8192] [#] This costs White the game.} (33. Qa1 $15) 33... Bxg4 $1 $19 {[%emt 0:02:30][%mdl 512] Black is clearly winning.} 34. Rxf7 (34. Rg3 Qb1+) 34... Be6+ 35. Kh2 {[%emt 0:00:30][%cal Of7g7] White threatens Rxg7! and mate.} Qxf7 36. f4 Re8 37. Qc7 {[%emt 0:00:51] [#]} Rxe7 $1 {[%emt 0:00:47] Weighted Error Value: White=0.57/Black=0.05 (flawless) .  Loses game:     	White=1     	---        Mistake:       	White=2     	Black=1      Inaccurate:     	White=1     	---        OK:         	White=11    	Black=13     Best:        	---       	Black=2      Strong:       	---       	Black=1      Brilliant:      	---       	Black=1} 0-1

[Event "Sardinia World Festival-A 2024"]
[Site "Orosei"]
[Date "2024.04.30"]
[Round "4.15"]
[White "Van Foreest, Jorden"]
[Black "Kaczmarek, Aleksander"]
[Result "1-0"]
[ECO "B48"]
[WhiteElo "2668"]
[BlackElo "2362"]
[Annotator "TA"]
[PlyCount "71"]
[EventDate "2024.04.26"]
[EventType "swiss"]
[EventCountry "ITA"]
[SourceTitle "playchess.com"]
[Source "ChessBase"]
[SourceQuality "1"]
[TimeControl "40/5400+30:1800+30"]

1. e4 c5 2. Nf3 e6 3. d4 cxd4 4. Nxd4 Nc6 5. Nc3 Qc7 6. Be3 a6 7. Nxc6 bxc6 8. Qf3 Nf6 9. Qg3 d6 {[%emt 0:03:20] The position is equal.} 10. O-O-O Rb8 11. Bc4 (11. Be2 $14) 11... Rb4 $11 12. Bd3 h5 13. f3 Qb8 14. b3 Qc7 15. h4 Nd7 16. Be2 c5 (16... g6 $142) 17. Kb2 (17. Rd2 $142) 17... Rb8 (17... g6 $142) 18. f4 {[%emt 0:02:25] White has more active pieces.} g6 {[%emt 0:04:55][%cal Od6d5] [#]} 19. f5 $1 Ne5 20. Rhf1 {[%emt 0:03:31] Strongly threatening Bf4.} Bg7 21. f6 $36 {[%emt 0:00:10][%mdl 2048] White is really pushing.} Bf8 22. Bf4 Rb4 23. Rd2 (23. Bxe5 $18 dxe5 24. Bc4) 23... Rd4 $16 24. Rfd1 Nc6 25. Be3 Bh6 $2 {[%emt 0:02:30] [#]} (25... Qd8 $16 {was called for.}) 26. Bxh6 $1 $18 Rxh6 {[%emt 0:00:04] [#]} 27. Bb5 $1 axb5 28. Nxb5 Qb8 29. Nxd6+ (29. Nxd4 cxd4 30. c3 e5 $14) 29... Kf8 (29... Kd7 $142) 30. Qg5 Qxd6 31. Qxh6+ Ke8 32. c3 Qe5 33. cxd4 Nxd4 34. Qh8+ Kd7 35. Qf8 Ba6 {[%emt 0:01:14] [#]} 36. Qxc5 {[%emt 0:01:54] Weighted Error Value: White=0.12 (very precise) /Black=0.54.  Loses game:     	---       	Black=1      Mistake:       	White=3     	Black=3      Inaccurate:     	White=1     	Black=3      OK:         	White=6     	Black=6      Best:        	White=1     	Black=2      Strong:       	White=1     	---        Brilliant:      	White=2     	---} 1-0

[Event "Sardinia World Festival-A 2024"]
[Site "Orosei"]
[Date "2024.04.30"]
[Round "4.16"]
[White "Piscopo, Pierluigi"]
[Black "Murzin, Volodar"]
[Result "0-1"]
[ECO "B84"]
[WhiteElo "2312"]
[BlackElo "2632"]
[Annotator "TA"]
[PlyCount "56"]
[EventDate "2024.04.26"]
[EventType "swiss"]
[EventCountry "ITA"]
[SourceTitle "playchess.com"]
[Source "ChessBase"]
[SourceQuality "1"]
[TimeControl "40/5400+30:1800+30"]

1. e4 c5 2. Nf3 d6 3. d4 cxd4 4. Nxd4 Nf6 5. Nc3 a6 6. Be2 e6 7. O-O Be7 8. f4 Qc7 9. Kh1 O-O 10. g4 b5 11. g5 Nfd7 12. a3 Bb7 {[%emt 0:08:52] The position is equal.} 13. f5 Nc6 14. f6 (14. fxe6 $11 {remains equal.} Nxd4 15. exf7+ Rxf7 16. Rxf7 Nxe2 17. Rxe7 Nxc3 18. bxc3) 14... gxf6 $17 15. gxf6 Bxf6 16. Bh6 {[%emt 0:08:10] [#]} Kh8 $1 17. Ndxb5 (17. Bxf8 Rxf8) 17... axb5 18. Nxb5 Qb6 19. Nxd6 {[%emt 0:03:51] Hoping for Rxf6.} Nce5 {[%emt 0:04:31] ...Rg8 is the strong threat.} 20. Rxf6 $2 {[%emt 0:02:56] [#]} (20. Nxb7 $17 {might work better.} Qxb7 21. Bxf8 Rxf8 22. Qd4) 20... Nxf6 $19 {[%emt 0:05:47] Excellent horsemanship.} 21. Qg1 Qxg1+ (21... Qxd6 22. Qg7#) (21... Bxe4+ 22. Nxe4 Qxg1+ 23. Rxg1 $16) 22. Rxg1 Rg8 {[%emt 0:02:42] Dodges Bg7+} ({Weaker is} 22... Bxe4+ 23. Nxe4 $16) 23. Nxb7 Nfg4 (23... Nxe4 24. Be3 Rab8 25. Rxg8+ Kxg8 26. Ba6 $19) 24. Bxg4 Nxg4 25. Rxg4 Rxg4 26. Nd6 Ra6 27. e5 Kg8 28. c4 (28. h3 $142 Rd4 29. Kg2) 28... Ra5 {[%emt 0:22:19] Black took control after the opening.   Weighted Error Value: White=0.50/Black=0.02 (flawless) .  Loses game:     	White=1     	---        Mistake:       	White=2     	---        Inaccurate:     	White=1     	---        OK:         	White=4     	Black=10     Best:        	White=2     	Black=2} 0-1